AoeStats
← TheHuisman

Black Forest

509787978Analyzed
4v4 RM · 4d ago on Sep 28, 2026· 49m 48s· 8 players
Game mode
Random Map
Map size
Large (8 player)
Population
200
Speed
Normal
Resources
Standard
Victory
Conquest
Starting age
Dark Age
Ending age
Imperial Age
RankedLock teamsTeams togetherTeam positionsShared explorationLock speedFull tech treeHidden civsTurbo modeCheats
Victory
Defeat
🇧🇷 Khmer · Brazil
1249
+12
🇨🇳 Khmer · China
1191
+14
🇧🇷 Franks · Brazil
1170
+15
🇧🇷 Vietnamese · Brazil
1168
+15
🇨🇦 Persians · Canada
1197
-17
🇧🇷 Vietnamese · Brazil
1152
-14
🇦🇷 Japanese · Argentina
1133
-13
🇩🇪 Khmer · Germany
1103
-12
Ryan7926
1:23 Loom
11:51 Feudal Age
16:12 Castle Age
14:04 Double-Bit Axe
14:01 Horse Collar
17:57 Bow Saw
20:10 Wheelbarrow
22:09 Hand Cart
24:06 Town Watch
24:55 Gold Mining
26:02 Stone Mining
29:03 Imperial Age
26:19 Town Watch
27:16 Scale Barding Armor
27:22 Forging
27:55 Stone Shaft Mining
28:27 Chain Barding Armor
29:25 Iron Casting
29:19 Caravan
31:08 Plate Barding Armor
32:23 Blast Furnace
32:51 Two-Man Saw
33:02 Conscription
34:57 Gold Shaft Mining
35:26 Town Patrol
36:40 Heavy Plow
36:27 Elite War Elephant
37:21 Bloodlines
37:11 Husbandry
37:41 Fletching
38:22 Bodkin Arrow
38:52 Citadels
39:18 Hoardings
41:34 Ballistics
41:26 Masonry
44:40 Chemistry
44:10 Architecture
got.
0:39 Loom
11:29 Feudal Age
15:30 Castle Age
13:22 Double-Bit Axe
14:43 Horse Collar
16:30 Bow Saw
17:30 Heavy Plow
21:23 Wheelbarrow
23:12 Hand Cart
23:03 Gold Mining
29:05 Imperial Age
26:39 Fletching
26:49 Padded Archer Armor
27:41 Ballistics
27:33 Masonry
27:37 Bodkin Arrow
27:35 Crossbowman
28:32 Leather Archer Armor
28:59 Thumb Ring
30:16 Bracer
30:46 Ring Archer Armor
29:37 Arbalester
31:08 Paper Money
32:23 Hoardings
32:50 Chemistry
33:22 Caravan
33:34 Guilds
33:55 Coinage
34:37 Two-Man Saw
34:07 Crop Rotation
33:29 Stone Mining
35:44 Siege Engineers
35:35 Murder Holes
35:51 Fortified Wall
36:04 Scale Barding Armor
36:09 Forging
36:02 Guard Tower
37:48 Banking
37:45 Bloodlines
37:35 Husbandry
36:55 Light Cavalry
37:57 Chain Barding Armor
38:13 Iron Casting
37:00 Elite Skirmisher
38:10 Imperial Skirmisher
41:56 Plate Barding Armor
41:17 Onager
45:50 Pikeman
46:31 Squires
46:16 Arson
46:33 Scale Mail Armor
cobanizer
11:28 Feudal Age
10:26 Loom
14:41 Double-Bit Axe
17:16 Castle Age
17:38 Wheelbarrow
18:55 Bow Saw
20:39 Fishing Lines
22:22 Horse Collar
25:03 Hand Cart
26:28 Gillnets
27:13 Stone Mining
27:14 Gold Mining
28:25 Caravan
30:48 Gold Shaft Mining
30:49 Stone Shaft Mining
31:05 Bloodlines
30:55 Husbandry
31:20 Forging
31:16 Scale Barding Armor
34:30 Imperial Age
31:46 Town Watch
33:18 Iron Casting
34:36 Chain Barding Armor
34:38 Tusk Swords
34:41 Elite Battle Elephant
35:25 Cavalier
37:37 Blast Furnace
38:06 Plate Barding Armor
TheHuisman
2:02 Loom
9:16 Feudal Age
10:09 Arson
12:08 Man-at-Arms
13:32 Town Watch
14:12 Double-Bit Axe
20:08 Castle Age
19:24 Scale Mail Armor
19:34 Forging
19:37 Fletching
20:30 Horse Collar
32:39 Imperial Age
30:12 Caravan
31:36 Wheelbarrow
31:57 Iron Casting
33:16 Chain Mail Armor
32:57 Bodkin Arrow
34:01 Conscription
34:46 Gold Mining
34:47 Stone Mining
35:01 Heavy Plow
35:22 Bow Saw
35:17 Murder Holes
35:59 Ballistics
37:05 Two-Man Saw
36:55 Gold Shaft Mining
36:48 Masonry
38:08 Blast Furnace
37:49 Town Patrol
38:54 Kataparuto
38:37 Bracer
39:10 Plate Mail Armor
38:45 Elite Samurai
40:00 Hoardings
40:21 Hoardings
41:21 Chemistry
40:03 Treadmill Crane
42:19 Fortified Wall
42:11 Bracer
42:30 Squires
42:15 Gambesons
42:47 Yasama
43:04 Elite Skirmisher
44:06 Imperial Skirmisher
49:54 Padded Archer Armor
BYD Carburado
9:07 Loom
12:19 Feudal Age
15:08 Fishing Lines
17:43 Castle Age
15:41 Double-Bit Axe
18:39 Bow Saw
20:27 Gillnets
22:27 Wheelbarrow
24:07 Hand Cart
27:55 Gold Mining
28:17 Pikeman
28:58 Squires
28:43 Arson
28:45 Gambesons
32:33 Imperial Age
30:45 Town Watch
31:12 Caravan
31:55 Scale Mail Armor
32:12 Forging
33:34 Conscription
33:31 Chain Mail Armor
32:39 Halberdier
33:25 Town Patrol
34:50 Iron Casting
34:51 Chivalry
34:13 Elite Throwing Axeman
35:35 Gold Shaft Mining
35:44 Plate Mail Armor
36:38 Blast Furnace
35:45 Scale Barding Armor
37:50 Cavalier
38:30 Husbandry
39:03 Ballistics
39:44 Chemistry
38:49 Siege Engineers
38:28 Treadmill Crane
46:36 Paladin
49:19 Light Cavalry
Filho da Viuva
0:27 Loom
12:04 Feudal Age
17:26 Castle Age
17:24 Wheelbarrow
17:30 Double-Bit Axe
24:18 Horse Collar
31:44 Imperial Age
29:58 Gold Mining
32:18 Ballistics
32:55 Conscription
33:01 Siege Engineers
33:26 Bow Saw
34:57 Chemistry
34:29 Heavy Plow
34:54 Heavy Scorpion
37:49 Double Crossbow
38:12 Caravan
乌兰巴托
12:10 Feudal Age
16:50 Castle Age
14:53 Double-Bit Axe
14:51 Horse Collar
19:51 Fishing Lines
21:07 Medium Warships
20:49 Gillnets
21:32 Bow Saw
21:15 Gold Mining
21:15 Stone Mining
24:16 Caravan
24:28 Loom
25:19 Wheelbarrow
26:16 Gold Shaft Mining
29:17 Imperial Age
26:49 Stone Mining
27:55 Hand Cart
28:21 Stone Shaft Mining
27:49 Heavy Plow
27:40 Town Watch
32:08 Chemistry
31:29 Ballistics
31:52 Crop Rotation
31:31 Double Crossbow
31:53 Conscription
31:58 Bloodlines
31:49 Husbandry
32:06 Forging
31:56 Scale Mail Armor
32:02 Scale Barding Armor
31:57 Padded Archer Armor
31:48 Fletching
32:10 Siege Engineers
32:59 Heavy Scorpion
34:36 Iron Casting
34:46 Hoardings
34:00 Elite Battle Elephant
35:15 Chain Barding Armor
36:35 Tusk Swords
37:38 Blast Furnace
38:12 Plate Barding Armor
37:35 Bodkin Arrow
37:56 Leather Archer Armor
marcosvilelafjv
1:00 Loom
10:58 Feudal Age
17:20 Castle Age
16:14 Double-Bit Axe
16:52 Horse Collar
18:16 Bow Saw
19:21 Heavy Plow
20:24 Town Watch
23:14 Wheelbarrow
23:40 Gold Mining
23:42 Stone Mining
25:41 Hand Cart
25:56 Town Patrol
32:16 Imperial Age
29:44 Treadmill Crane
30:25 Ballistics
30:08 Squires
30:21 Pikeman
30:47 Arson
30:31 Elite Skirmisher
32:35 Stone Shaft Mining
32:02 Padded Archer Armor
31:52 Fletching
32:18 Imperial Skirmisher
33:35 Crop Rotation
34:07 Two-Man Saw
34:22 Chemistry
33:21 Bodkin Arrow
33:42 Leather Archer Armor
33:58 Halberdier
34:56 Bracer
35:06 Forging
34:57 Scale Mail Armor
37:05 Ring Archer Armor
37:10 Iron Casting
38:09 Chain Mail Armor
41:00 Man-at-Arms
44:05 Plate Mail Armor
44:00 Guard Tower
46:02 Bombard Tower
46:20 Keep
46:09 Arrowslits
49:38 Coinage
49:18 Guilds
Connection lost

Rejoining the realm…

Still unreachable

The connection could not be restored.

Session expired

The server has moved on; the page needs a fresh start.